Map: Rosebud LE

Players

Throwfordays - Winner!

  • Race: Protoss Protoss
  • League: Silver
  • Spawn Location: 11:00

Faust - Winner!

  • Race: Zerg Zerg
  • League: Diamond
  • Spawn Location: 11:00

Cthulhu - Winner!

  • Race: Protoss Protoss
  • Spawn Location: 11:00

Brofessor

  • Race: Terran Terran
  • Spawn Location: 5:00

fatCharlie

  • Race: Terran Terran
  • League: Platinum
  • Spawn Location: 5:00

ProfessrLing

  • Race: Terran Terran
  • League: Platinum
  • Spawn Location: 5:00

VOD

Have the link to the VOD?

Description

Time

  • Played on: March 26, 2019, 10:54 p.m.
  • Length: 14:08
Show
View Real Time Build Order
Export as new Build Order

Throwfordays Protoss - Winner!

Build Orders: 1 Gate Expand, Carriers 

Get SALT Encoding   

  12  0:00  Probe  
  13  0:13  Probe  
  14  0:19  Pylon  
  14  0:25  Probe  
  15  0:37  Probe  
  16  0:51  Gateway  
  16  0:52  Probe  
  17  1:13  Nexus  
  17  1:19  Assimilator  
  17  1:25  Probe  
  18  1:37  Probe  
  18  1:38  Cybernetics Core  
  19  1:48  Forge  
  19  1:49  Probe  
  20  1:57  Pylon, Warp Gate  
  20  2:11  Assimilator  
  20  2:14  Probe  
  21  2:25  Probe  
  21  2:26  Probe  
  21  2:29  Photon Cannon  
  23  2:38  Probe x2  
  25  2:44  Photon Cannon  
  25  2:55  Photon Cannon  
  25  3:04  Photon Cannon  
  25  3:09  Pylon, Probe  
  26  3:16  Probe  
  26  3:18  Probe  
  27  3:24  Probe  
  27  3:26  Probe  
  28  3:32  Probe  
  30  3:38  Probe  
  32  3:42  Probe  
  33  3:50  Probe  
  33  3:54  Probe  
  35  3:58  Assimilator  
  35  4:02  Assimilator, Probe  
  36  4:07  Probe  
  36  4:08  Stargate  
  37  4:13  Protoss Shields Level 1  
  37  4:14  Probe  
  38  4:19  Probe  
  38  4:21  Protoss Air Weapons Level 1  
  38  4:23  Cybernetics Core  
  39  4:26  Probe  
  39  4:31  Probe  
  42  4:38  Probe  
  42  4:46  Probe  
  42  4:50  Probe  
  42  4:51  Fleet Beacon  
  44  4:53  Stargate  
  44  4:58  Probe  
  44  5:08  Protoss Air Armor Level 1  
  44  5:10  Probe  
  45  5:17  Robotics Facility  
  45  5:33  Pylon  
  45  5:42  Carrier  
  51  5:51  Probe  
  52  6:05  Carrier  
  52  6:11  Observer  
  59  6:23  Pylon  
  59  6:26  Pylon  
  59  6:29  Assimilator  
  59  6:33  Assimilator  
  59  6:46  Pylon  
  59  6:49  Pylon  
  59  6:57  Photon Cannon  
  59  6:58  Carrier  
  59  7:00  Photon Cannon  
  65  7:03  Photon Cannon  
  65  7:08  Nexus  
  65  7:10  Carrier  
  65  7:11  Photon Cannon  
  71  7:28  Photon Cannon  
  71  7:30  Photon Cannon  
  71  7:33  Photon Cannon  
  71  7:36  Photon Cannon  
  71  7:39  Assimilator  
  71  7:42  Assimilator  
  71  7:49  Protoss Air Weapons Level 2  
  71  8:00  Probe  
  71  8:02  Carrier  
  71  8:03  Probe  
  79  8:12  Probe  
  80  8:15  Probe  
  81  8:24  Nexus, Probe  
  82  8:27  Pylon, Probe  
  82  8:28  Probe  
  84  8:36  Probe  
  84  8:38  Carrier  
  91  8:46  Probe  
  91  8:47  Twilight Council  
  91  8:48  Protoss Air Armor Level 2  
  92  8:57  Probe  
  92  8:58  Probe  
  92  9:00  Probe  
  95  9:09  Probe  
  96  9:10  Probe  
  96  9:12  Probe  
  98  9:19  Robotics Bay  
  98  9:20  Probe  
  98  9:21  Probe  
  100  9:24  Probe  
  100  9:29  Probe  
  101  9:31  Carrier  
  101  9:37  Stargate, Probe  
  108  9:39  Stargate  
  108  9:44  Carrier  
  115  9:49  Pylon, Probe  
  115  9:51  Pylon  
  116  9:53  Pylon  
  116  9:55  Pylon  
  116  9:58  Pylon  
  116  10:01  Probe  
  116  10:03  Probe  
  118  10:11  Probe  
  118  10:21  Probe  
  119  10:25  Carrier  
  119  10:26  Carrier  
  132  10:33  Probe  
  133  10:37  Probe  
  133  10:41  Protoss Air Weapons Level 3, Carrier  
  140  10:45  Probe  
  140  10:49  Probe  
  142  11:01  Probe  
  143  11:23  Carrier  
  148  11:50  Carrier  
  148  11:51  Carrier  
  160  11:56  Pylon  
  160  11:58  Pylon  
  160  12:00  Pylon  
  160  12:01  Gravitic Boosters  
  160  12:02  Pylon  
  160  12:04  Pylon  
  160  12:15  Carrier  
  166  12:29  Carrier  
  172  12:55  Carrier x2  
Show
View Real Time Build Order
Export as new Build Order

Faust Zerg - Winner!

Build Orders: Hatch First, Muta Ling Bane 

Get SALT Encoding   

  12  0:00  Drone  
  13  0:09  Drone  
  14  0:14  Extractor  
  14  0:16  Drone  
  15  0:23  Overlord  
  15  0:42  Drone x2  
  17  0:55  Hatchery  
  16  0:57  Drone  
  17  1:07  Extractor, Drone  
  17  1:20  Spawning Pool  
  17  1:21  Drone  
  17  1:26  Drone  
  17  1:29  Drone  
  19  1:38  Overlord  
  19  2:08  Metabolic Boost  
  19  2:09  Queen  
  19  2:10  Queen  
  19  2:11  Drone x2  
  26  2:15  Drone  
  26  2:19  Drone  
  27  2:26  Overlord  
  27  2:33  Drone  
  27  2:36  Drone x2  
  30  2:40  Drone  
  31  2:45  Drone  
  31  2:49  Lair  
  32  3:01  Overlord  
  32  3:03  Drone x2  
  34  3:14  Hatchery  
  34  3:17  Drone  
  34  3:18  Drone  
  35  3:20  Drone  
  35  3:22  Drone  
  37  3:28  Drone x2  
  37  3:29  Drone x2  
  41  3:35  Drone  
  41  3:36  Drone  
  41  3:38  Extractor  
  42  3:41  Extractor, Drone  
  42  3:43  Extractor  
  41  3:59  Spire  
  41  4:02  Zergling x2  
  41  4:03  Zergling x14  
  49  4:10  Drone x2  
  49  4:11  Spore Crawler  
  49  4:20  Spore Crawler  
  48  4:26  Spore Crawler  
  48  4:29  Drone x3, Overlord  
  48  4:31  Overlord  
  50  4:34  Overlord  
  50  4:39  Queen  
  52  4:47  Drone  
  52  4:48  Drone x3  
  56  4:54  Overseer  
  56  4:56  Pneumatized Carapace  
  56  5:01  Drone x3  
  56  5:02  Drone  
  58  5:26  Zergling x4  
  58  5:27  Zergling x10  
  63  5:32  Drone x3  
  63  5:33  Drone  
  65  5:37  Spore Crawler  
  65  5:38  Spore Crawler  
  65  5:39  Zergling x4  
  63  6:02  Zerg Flyer Weapons Level 1  
  62  6:05  Evolution Chamber  
  62  6:06  Evolution Chamber  
  62  6:09  Drone x2, Infestation Pit  
  62  6:10  Drone x3  
  64  6:13  Drone x4  
  64  6:14  Overlord x4  
  68  6:35  Extractor, Drone x3  
  68  6:36  Extractor, Drone x3  
  72  6:53  Extractor, Hatchery  
  70  6:56  Extractor  
  69  7:18  Zerg Melee Weapons Level 1, Zerg Ground Armor Level 1  
  69  7:19  Hive  
  64  7:31  Baneling Nest  
  64  7:33  Zergling x32  
  64  7:34  Zergling x8  
  83  7:48  Drone  
  83  7:49  Drone x10  
  94  8:08  Drone x2  
  96  8:34  Mutalisk  
  96  8:35  Mutalisk x11  
  96  8:37  Overlord x2  
  120  8:43  Adrenal Glands  
  120  8:45  Zerg Flyer Weapons Level 2  
  120  8:49  Spire  
  120  8:51  Spore Crawler  
  118  8:57  Spore Crawler  
  118  8:59  Spore Crawler  
  116  9:08  Mutalisk x6  
  116  9:09  Mutalisk x4  
  136  9:13  Overlord  
  136  9:14  Overlord x3  
  136  9:17  Overlord  
  136  9:20  Zerg Melee Weapons Level 2  
  136  9:28  Zerg Ground Armor Level 2  
  136  9:31  Queen  
  137  9:42  Centrifical Hooks  
  137  9:46  Ultralisk Cavern  
  137  9:49  Drone x3  
  137  9:50  Drone x3  
  137  9:51  Spore Crawler, Drone  
  137  9:52  Drone x7  
  121  10:45  Ultralisk x6  
  121  10:47  Zergling x20  
  151  11:11  Baneling x11  
  151  11:18  Chitinous Plating  
  151  11:32  Greater Spire  
  144  11:45  Zergling x2  
  144  11:46  Zergling x44  
  144  11:47  Zergling x4  
  120  12:26  Zergling x14  
  120  12:27  Zergling x6  
  120  12:28  Ultralisk x7  
  160  12:37  Anabolic Synthesis  
  160  12:56  Extractor  
  160  12:57  Hatchery  
  158  12:59  Extractor  
  122  13:19  Zergling x2  
  125  13:20  Zergling x48  
Show
View Real Time Build Order
Export as new Build Order

Cthulhu Protoss - Winner!

Build Orders: 1 Gate Expand 

Get SALT Encoding   

  12  0:01  Probe  
  13  0:09  Probe  
  14  0:28  Pylon  
  14  0:29  Probe  
  15  0:46  Probe  
  16  0:50  Gateway  
  16  1:09  Assimilator  
  16  1:11  Assimilator  
  16  1:13  Probe  
  17  1:26  Nexus  
  17  1:28  Probe  
  18  1:43  Cybernetics Core  
  18  1:54  Pylon  
  18  1:56  Probe  
  19  2:08  Probe  
  19  2:10  Pylon  
  20  2:20  Probe  
  21  2:33  Probe  
  21  2:36  Stargate  
  22  2:38  Probe  
  22  2:39  Assimilator  
  22  2:44  Assimilator  
  23  2:55  Forge  
  23  2:56  Protoss Air Weapons Level 1  
  23  3:03  Probe x2  
  25  3:15  Probe  
  26  3:24  Stargate  
  26  3:34  Void Ray, Probe x2  
  32  3:49  Probe  
  33  4:02  Void Ray  
  33  4:14  Photon Cannon  
  33  4:16  Probe  
  38  4:18  Probe  
  39  4:32  Void Ray  
  43  4:40  Void Ray  
  43  4:41  Probe  
  43  4:42  Probe  
  49  4:53  Protoss Air Armor Level 1  
  49  5:09  Void Ray  
  53  5:43  Pylon  
  53  5:47  Pylon  
  53  5:52  Nexus  
  53  6:01  Void Ray, Probe x2  
  59  6:05  Pylon  
  59  6:15  Probe x2  
  61  6:29  Robotics Facility  
  57  6:49  Void Ray x2  
  41  6:55  Probe x2  
  51  7:07  Probe  
  52  7:11  Fleet Beacon  
  52  7:13  Pylon  
  52  7:17  Observer  
  52  7:20  Probe x3  
  52  7:22  Protoss Shields Level 1  
  56  7:27  Stargate  
  56  7:30  Stalker  
  56  7:32  Probe  
  56  7:35  Probe  
  56  7:36  Probe  
  61  7:44  Probe  
  62  7:56  Void Ray x2  
  70  8:07  Protoss Air Weapons Level 2, Stalker  
  70  8:09  Probe x3  
  75  8:17  Observer  
  76  8:23  Void Ray  
  79  8:38  Observer  
  86  8:53  Void Ray  
  90  8:59  Void Ray  
  88  9:04  Probe x3  
  88  9:07  Assimilator  
  88  9:09  Assimilator  
  91  9:14  Void Ray  
  75  10:34  Void Ray x3  
  87  10:45  Photon Cannon  
  87  10:46  Photon Cannon x3  
  57  12:01  Pylon  
  57  12:15  Nexus  
  57  12:19  Pylon  
  57  12:21  Pylon  
  57  12:23  Pylon  
  57  12:29  Void Ray  
  44  12:56  Assimilator  
  44  12:58  Gateway  
  44  13:05  Forge, Immortal  
  48  14:04  Photon Cannon  
  48  14:05  Photon Cannon  
  48  14:06  Photon Cannon  
Show
View Real Time Build Order
Export as new Build Order

Brofessor Terran 

Build Orders:  

Get SALT Encoding   

  12  0:01  SCV  
  13  0:13  SCV  
  14  0:21  Supply Depot  
  14  0:25  SCV  
  16  0:42  SCV  
  16  0:46  Barracks  
  16  0:54  SCV  
  16  0:55  Supply Depot  
  17  1:07  SCV  
  18  1:15  Refinery  
  18  1:17  Refinery  
  18  1:19  SCV  
  19  1:31  SCV  
  20  1:43  SCV  
  20  1:47  Marine  
  22  2:01  Command Center  
  22  2:05  Orbital Command  
  22  2:21  Barracks Tech Lab  
  22  2:31  Ghost Academy  
  22  2:33  SCV  
  23  2:50  SCV  
  24  3:03  Supply Depot  
  24  3:04  Personal Cloaking  
  24  3:07  Ghost  
  26  3:15  Orbital Command  
  26  3:29  SCV  
  27  3:45  Ghost  
  29  3:57  SCV x2  
  29  4:01  Refinery  
  31  4:06  Ghost Academy  
  31  4:15  Barracks  
  31  4:17  Barracks  
  31  4:43  Factory  
  31  4:45  SCV x2  
  33  4:51  Ghost  
  31  6:14  SCV  
  31  6:15  SCV  
  33  6:23  Starport  
  33  6:26  SCV  
  33  6:27  SCV  
  33  6:28  Factory Tech Lab  
  33  6:30  Barracks Reactor, Barracks Tech Lab  
  33  6:31  Marauder  
  37  7:16  SCV x2  
  39  7:23  Marine x2  
  39  7:24  Marauder x2  
  39  7:26  Nuke  
  45  7:32  Nuke  
  45  7:47  Supply Depot  
  45  7:49  Ghost x2  
  45  7:50  Marine x2  
  51  8:00  Medivac  
  53  8:31  Marine x2  
  53  8:32  Marauder x2  
  59  8:35  SCV x2  
  61  8:51  Marine  
  62  9:00  Supply Depot x2  
  62  9:01  Supply Depot  
  62  9:02  Supply Depot  
  62  9:21  Marine x2, Raven, Ghost x2  
  70  9:26  Supply Depot x3  
  70  9:30  SCV x2  
  72  9:39  Marine x2  
  74  9:50  Marauder x2  
  68  10:30  Marine x2  
  68  10:31  Marauder  
  68  10:32  Marauder  
  74  10:49  Command Center  
  42  12:27  Marine x2  
  42  12:28  Marauder x2  
  48  12:48  Refinery  
  46  13:26  Ghost  
Show
View Real Time Build Order
Export as new Build Order

fatCharlie Terran 

Build Orders:  

Get SALT Encoding   

  12  0:01  SCV  
  13  0:13  SCV  
  14  0:22  Supply Depot  
  14  0:25  SCV  
  15  0:44  SCV  
  15  0:45  Barracks  
  16  0:56  SCV  
  17  1:00  Refinery  
  17  1:08  SCV  
  18  1:21  SCV  
  19  1:35  Barracks  
  19  1:37  Barracks Tech Lab  
  19  1:38  Orbital Command  
  19  1:56  Marauder  
  21  2:01  Refinery  
  21  2:03  Concussive Shells  
  21  2:09  SCV  
  22  2:23  Supply Depot  
  22  2:24  Barracks Tech Lab  
  22  2:42  SCV  
  23  2:45  Marauder, Command Center  
  25  2:55  SCV  
  25  2:57  Supply Depot  
  25  2:58  Marauder  
  28  3:01  Bunker  
  28  3:07  SCV  
  29  3:19  SCV  
  30  3:28  Supply Depot  
  30  3:30  Marauder x2  
  30  3:31  SCV  
  35  3:36  Engineering Bay  
  35  3:43  SCV  
  36  3:50  Factory  
  36  3:58  Marauder  
  36  4:02  SCV  
  39  4:10  Orbital Command  
  39  4:16  SCV  
  40  4:21  Missile Turret  
  40  4:28  SCV  
  41  4:32  Marauder  
  41  4:34  Marauder  
  46  4:38  SCV  
  46  4:45  Starport  
  46  4:46  Factory Reactor  
  46  4:48  SCV  
  46  4:50  SCV  
  48  4:56  Sensor Tower  
  48  5:00  SCV  
  48  5:02  SCV  
  50  5:10  Marine  
  50  5:11  Marine  
  52  5:18  SCV  
  53  5:22  Refinery  
  53  5:23  Refinery  
  53  5:29  Marauder x2  
  53  5:34  Supply Depot  
  57  5:40  Medivac x2  
  61  5:47  SCV, Barracks x2  
  62  5:56  SCV, Marauder x2  
  67  5:59  SCV  
  67  6:02  Supply Depot  
  68  6:08  Terran Infantry Weapons Level 1  
  68  6:10  Medivac  
  70  6:24  SCV x2, Medivac, Marauder x2  
  78  6:25  Supply Depot  
  78  6:37  Barracks  
  78  6:39  Barracks  
  78  6:42  Barracks Reactor x2  
  78  6:49  Supply Depot  
  78  6:54  Marauder x2  
  82  7:11  Supply Depot  
  82  7:22  Combat Shield  
  82  7:24  Medivac x2  
  82  7:26  SCV x2  
  88  7:32  Command Center  
  88  7:37  Armory  
  88  7:44  Marine x3, Stimpack  
  89  7:45  Marine  
  89  7:47  Barracks Tech Lab x2  
  92  7:51  Supply Depot  
  92  7:52  Supply Depot  
  92  7:55  SCV x2  
  92  7:57  Marauder  
  92  7:58  Marauder  
  98  8:05  Terran Infantry Armor Level 1  
  98  8:07  SCV, Medivac  
  101  8:13  Medivac  
  101  8:14  Supply Depot  
  101  8:15  Supply Depot  
  101  8:16  Supply Depot  
  101  8:19  Marauder  
  105  8:24  Marine x2  
  105  8:25  Marine x2  
  109  8:38  Supply Depot  
  109  8:39  Marine  
  109  8:40  Marauder  
  109  8:41  Marauder  
  114  8:42  Marine, Marauder  
  114  8:43  Marine x3  
  120  8:59  Viking x2  
  120  9:01  Supply Depot  
  124  9:13  Starport  
  124  9:15  Starport  
  124  9:29  Orbital Command  
  124  9:33  Marine, Marauder  
  124  9:34  Marauder  
  129  9:40  Refinery  
  129  9:42  Refinery  
  127  10:00  Marine  
  127  10:01  Marine x7  
  131  10:18  Marine x4  
  131  10:19  Marine  
  132  10:24  Starport Reactor  
  132  10:25  Starport Reactor  
  126  10:37  Missile Turret  
  126  10:54  Marine  
  126  10:55  Marine x7  
  83  11:12  Marine x3  
  83  11:13  Marine x5  
  63  11:25  Viking x3  
  65  11:30  Marine x6  
  65  11:31  Marine x2  
  77  11:48  Marine  
  78  12:00  Supply Depot  
  78  12:03  Viking x2  
  78  12:04  Viking x4  
  78  12:05  Marine x2  
  78  12:06  Marine  
  61  12:21  Marauder x4  
  61  12:33  Viking x2  
  61  12:34  Viking  
  64  12:42  Marauder  
  66  12:54  Command Center  
  52  13:09  Viking x2  
Show
View Real Time Build Order
Export as new Build Order

ProfessrLing Terran 

Build Orders: 2 Factory 

Get SALT Encoding   

  12  0:01  SCV  
  13  0:13  SCV  
  14  0:21  Supply Depot  
  14  0:26  SCV  
  16  0:42  SCV  
  16  0:47  Refinery  
  16  0:50  Barracks  
  16  0:55  SCV  
  17  1:05  Refinery  
  17  1:07  SCV  
  18  1:19  SCV  
  19  1:31  SCV  
  20  1:44  Command Center  
  20  1:54  Orbital Command  
  20  2:09  Factory  
  20  2:20  SCV  
  20  2:21  Barracks Tech Lab  
  21  2:32  SCV  
  22  2:47  SCV  
  23  2:52  Supply Depot  
  23  2:54  Supply Depot  
  23  2:59  SCV  
  24  3:11  Cyclone  
  27  3:19  Factory  
  27  3:23  Factory  
  27  3:24  Barracks Tech Lab  
  27  3:25  SCV  
  27  3:26  Orbital Command  
  28  3:35  Engineering Bay  
  28  3:40  SCV  
  29  3:52  SCV  
  29  3:53  SCV  
  31  3:58  Supply Depot  
  31  4:04  SCV  
  31  4:05  SCV  
  31  4:08  Factory Tech Lab  
  33  4:15  Mag-Field Accelerator  
  33  4:24  Cyclone  
  33  4:25  Cyclone  
  39  4:31  SCV x2  
  39  4:35  Refinery  
  39  4:37  Refinery  
  41  4:43  SCV x2  
  41  4:45  Missile Turret  
  43  4:48  Cyclone  
  46  4:55  SCV x2  
  48  5:07  SCV, Armory  
  48  5:08  SCV  
  50  5:17  Cyclone  
  53  5:28  Cyclone  
  56  5:45  Cyclone  
  56  5:49  SCV x2  
  61  5:56  Command Center  
  61  6:01  SCV  
  62  6:04  Terran Vehicle Weapons Level 1  
  62  6:13  Armory  
  59  7:08  Cyclone  
  62  7:21  Supply Depot  
  62  7:22  Supply Depot  
  62  7:23  Supply Depot, Terran Vehicle And Ship Armor Level 1  
  62  7:24  Supply Depot  
  62  7:27  Supply Depot  
  62  7:32  Orbital Command  
  62  7:41  Missile Turret  
  62  7:42  SCV, Cyclone x2  
  62  7:43  Missile Turret  
  62  7:44  Cyclone  
  72  7:54  SCV  
  73  8:02  Terran Vehicle Weapons Level 2, Command Center  
  73  8:14  Factory  
  73  8:17  Factory  
  73  8:20  Factory  
  73  8:22  SCV x2  
  75  8:34  SCV x2  
  75  8:38  Cyclone x3  
  87  8:48  SCV x2  
  88  9:00  SCV  
  88  9:02  Factory Tech Lab  
  89  9:03  Factory Tech Lab  
  89  9:04  Factory Tech Lab  
  89  9:08  SCV  
  90  9:10  Cyclone x3  
  90  9:12  SCV  
  100  9:20  SCV, Terran Vehicle And Ship Armor Level 2  
  100  9:23  Cyclone x3  
  110  9:31  SCV  
  111  9:42  Cyclone x2  
  117  9:48  Factory x2  
  117  9:50  Factory  
  117  9:53  Factory  
  117  9:58  Orbital Command  
  117  10:33  Missile Turret  
  117  10:36  Missile Turret  
  117  10:46  Factory Tech Lab x2  
  117  10:47  Factory Tech Lab  
  117  10:50  Cyclone  
  117  10:52  Supply Depot  
  117  10:54  Supply Depot  
  117  10:56  Supply Depot  
  117  10:57  Terran Vehicle Weapons Level 3  
  117  10:58  Supply Depot  
  117  10:59  Supply Depot  
  117  11:00  Supply Depot  
  117  11:02  Supply Depot x2  
  117  11:04  Supply Depot  
  117  11:14  Cyclone x2  
  117  11:15  Cyclone x3  
  117  11:18  Supply Depot  
  132  11:22  Cyclone  
  135  11:46  Cyclone x2  
  108  11:48  Cyclone x2  
  114  11:57  Cyclone x2  
  120  12:07  Hellion  
  120  12:08  Hellion x2  
  126  12:18  Cyclone  
  126  12:22  Cyclone x2  
  123  12:33  Cyclone  
  126  12:45  SCV x2  
  128  13:05  Cyclone x5  
  125  13:06  Cyclone x3  
  125  13:07  Factory Tech Lab  
Tags
 
Add a new tag
Caveats
  • Supply blocks, unpowered buildings, or Contaminate may cause inaccurate times.
  • Supply counts are checked every 10 seconds.